AoeStats
← Chus

Arena

505087460Analyzed
2v2 RM · 24d ago on Sep 7, 2026· 51m 39s· 4 players
Game mode
Random Map
Map size
Medium (4 player)
Population
200
Speed
Normal
Resources
Standard
Victory
Conquest
Starting age
Dark Age
Ending age
Imperial Age
RankedLock teamsTeams togetherTeam positionsShared explorationLock speedFull tech treeHidden civsTurbo modeCheats
Victory
Defeat
🇹🇷 Khmer · Türkiye
1123
+13
🇹🇷 Portuguese · Türkiye
904
+60
🇨🇴 Hindustanis · Colombia
1238
-25
🇪🇸 Bohemians · Spain
854
-10
Chus
11:20 Feudal Age
9:46 Loom
12:00 Double-Bit Axe
17:27 Castle Age
15:55 Town Watch
17:02 Horse Collar
18:30 Bow Saw
23:59 Imperial Age
22:37 Fletching
22:47 Padded Archer Armor
24:33 Leather Archer Armor
24:13 Bodkin Arrow
28:14 Chemistry
31:28 Ring Archer Armor
30:58 Bracer
32:13 Ballistics
34:00 Fortified Wall
33:49 Elite Skirmisher
36:15 Houfnice
38:01 Wheelbarrow
39:02 Forging
38:52 Scale Mail Armor
46:00 Heavy Scorpion
46:14 Man-at-Arms
46:54 Squires
46:40 Arson
48:15 Two-Man Saw
47:45 Husbandry
47:15 Cavalier
50:07 Iron Casting
49:37 Scale Barding Armor
50:07 Iron Casting
51:07 Heavy Plow
Ryujin
10:47 Feudal Age
14:30 Castle Age
13:12 Double-Bit Axe
13:08 Horse Collar
17:07 Wheelbarrow
20:53 Loom
21:32 Town Watch
22:23 Bow Saw
22:14 Heavy Plow
25:28 Hand Cart
29:44 Imperial Age
28:19 Scale Barding Armor
28:25 Forging
28:05 Fletching
28:16 Padded Archer Armor
28:31 Town Patrol
29:23 Fortified Wall
29:09 Murder Holes
29:35 Ballistics
29:42 Bloodlines
29:33 Husbandry
28:54 Light Cavalry
29:55 Chain Barding Armor
31:32 Chemistry
31:12 Iron Casting
30:32 Bodkin Arrow
30:01 Heavy Camel Rider
31:34 Gold Mining
32:34 Imperial Camel Rider
34:30 Two-Man Saw
36:41 Hussar
38:52 Onager
gkkhhn
0:56 Loom
11:04 Feudal Age
11:30 Horse Collar
11:36 Double-Bit Axe
17:25 Castle Age
16:58 Wheelbarrow
16:43 Stone Mining
16:53 Gold Mining
18:32 Bow Saw
19:36 Stone Shaft Mining
20:32 Stone Shaft Mining
19:59 Heavy Plow
26:04 Gold Shaft Mining
28:11 Fortified Wall
28:11 Masonry
27:57 Murder Holes
28:24 Scale Barding Armor
28:30 Forging
28:41 Hand Cart
31:49 Imperial Age
29:19 Light Cavalry
30:09 Bloodlines
30:00 Husbandry
31:05 Iron Casting
31:51 Chain Barding Armor
31:55 Ballistics
33:07 Plate Barding Armor
33:33 Blast Furnace
33:41 Chemistry
34:06 Conscription
33:46 Double Crossbow
33:46 Town Watch
34:34 Crop Rotation
34:37 Architecture
34:23 Scale Mail Armor
34:14 Fletching
34:39 Elite Ballista Elephant
36:37 Town Patrol
36:33 Hussar
serkan01fb
11:03 Feudal Age
17:43 Castle Age
16:10 Double-Bit Axe
16:09 Horse Collar
20:37 Loom
27:20 Imperial Age
28:41 Heavy Plow
28:53 Bow Saw
28:36 Gold Mining
31:22 Chemistry
33:21 Pikeman
34:46 Wheelbarrow
34:22 Arquebus
35:15 Siege Engineers
36:13 Elite Organ Gun
37:23 Conscription
36:50 Halberdier
38:01 Scale Mail Armor
38:11 Forging
42:55 Light Cavalry
43:46 Bloodlines
43:37 Husbandry
44:06 Chain Mail Armor
44:27 Iron Casting
43:57 Scale Barding Armor
Connection lost

Rejoining the realm…

Still unreachable

The connection could not be restored.

Session expired

The server has moved on; the page needs a fresh start.